Philadelphia Flyers vs Toronto Maple Leafs
Created - Friday, March 8, 2024 at 08:08
Goals
|
| Philadelphia Flyers |
2 |
4 |
0 |
6 |
| Toronto Maple Leafs |
1 |
0 |
1 |
2 |
|
Shots
|
| Philadelphia Flyers |
16 |
17 |
6 |
39 |
| Toronto Maple Leafs |
13 |
9 |
9 |
31 |
|
1st period
1. Philadelphia Flyers , Jesper Fast 2 (Radek Faksa 6, Mackenzie MacEachern 1) at 5:17
2. Philadelphia Flyers , Jesper Fast 3 (Oliver Ekman-Larsson 10, Radek Faksa 7) at 12:25
3. Toronto Maple Leafs , Brady Tkachuk 8 (Aaron Ekblad 10, Sam Bennett 13) at 14:12
Penalties :
Erik Gustafsson (PHI) for Holding (Minor) at 16:07
2nd period
4. Philadelphia Flyers , Auston Matthews 8 (Vladimir Tarasenko 10) at 12:45
5. Philadelphia Flyers , Oliver Ekman-Larsson 1 (Justin Faulk 6) at 15:12 (PP)
6. Philadelphia Flyers , Bryan Rust 6 (Elias Lindholm 19, Erik Gustafsson 6) at 16:04
7. Philadelphia Flyers , Matthew Peca 7 (Sonny Milano 9, Tyler Johnson 6) at 16:12
Penalties :
Trevor Zegras (TOR) for Holding (Minor) at 14:29
3rd period
8. Toronto Maple Leafs , Nino Niederreiter 8 (Nicolas Roy 6, Brandon Saad 10) at 3:33
Penalties :
Trevor Zegras (TOR) for Fighting (Major) at 3:36, Bryan Rust (PHI) for Fighting (Major) at 3:36
Goalie Stats
Jake Allen (PHI), 29 saves from 31 shots - (0.935), W, 2-5-0, 60:00 minutes
Frederik Andersen (TOR), 33 saves from 39 shots - (0.846), L, 3-5-1, 60:00 minutes
Players Stats for Philadelphia Flyers
Player Name G A P +/- PIM S H SB GA TA FO MP PP MP PK MP
------------------------------------------------------------------------------------
Artem Zub 0 0 0 1 0 2 2 1 0 1 0/0 20:02 0:00 1:22
Auston Matthews 1 0 1 1 0 3 2 0 2 0 6/14 16:02 0:21 0:10
Ben Chiarot 0 0 0 1 0 1 0 3 0 1 0/0 20:45 0:00 0:37
Bryan Rust 1 0 1 0 5 2 1 0 0 1 0/1 12:32 0:00 0:57
Elias Lindholm 0 1 1 0 0 0 2 0 1 0 8/16 15:20 0:21 0:57
Erik Gustafsson 0 1 1 1 2 1 0 0 0 1 0/0 18:39 0:00 0:00
Jesper Fast 2 0 2 2 0 3 0 2 2 0 0/2 15:19 0:00 0:52
Justin Faulk 0 1 1 1 0 0 2 5 1 0 0/0 21:25 0:43 0:44
Mackenzie MacEachern 0 1 1 2 0 1 2 1 0 2 0/1 14:27 0:00 0:00
Marcus Johansson 0 0 0 1 0 1 0 0 2 0 0/1 16:15 0:22 0:10
Matt Duchene 0 0 0 0 0 1 0 0 1 0 0/2 14:23 0:21 0:00
Matt Roy 0 0 0 1 0 1 4 1 0 1 0/0 19:02 0:00 1:15
Matthew Peca 1 0 1 0 0 5 0 1 1 0 5/9 14:12 0:00 0:00
Oliver Ekman-Larsson 1 1 2 1 0 4 2 0 0 2 0/0 20:16 0:43 0:00
Radek Faksa 0 2 2 2 0 3 0 1 0 0 11/12 15:19 0:00 0:52
Sonny Milano 0 1 1 0 0 2 2 1 0 0 0/0 14:23 0:00 0:00
Tyler Johnson 0 1 1 0 0 1 1 0 0 0 1/1 14:49 0:22 0:00
Vladimir Tarasenko 0 1 1 1 0 8 1 1 2 0 0/0 14:49 0:22 0:00
Players Stats for Toronto Maple Leafs
Player Name G A P +/- PIM S H SB GA TA FO MP PP MP PK MP
------------------------------------------------------------------------------------
Aaron Ekblad 0 1 1 -1 0 0 0 3 0 1 0/0 26:39 0:54 0:14
Andrew Mangiapane 0 0 0 -3 0 6 4 1 2 0 1/2 16:28 0:00 0:00
Brady Tkachuk 1 0 1 -1 0 2 1 0 0 0 0/0 17:40 1:05 0:00
Brandon Saad 0 1 1 1 0 1 0 0 0 1 0/0 14:54 0:37 0:19
Cody Ceci 0 0 0 1 0 2 3 0 1 2 0/0 18:34 0:00 0:14
Dougie Hamilton 0 0 0 -3 0 2 2 4 0 3 0/0 24:53 0:54 0:00
Jonas Siegenthaler 0 0 0 -1 0 0 0 2 1 0 0/0 14:30 0:00 0:00
Kyle Okposo 0 0 0 0 0 2 0 0 1 1 1/1 10:28 0:00 0:00
Luke Schenn 0 0 0 -1 0 0 2 0 0 1 0/0 16:33 1:05 0:29
Nick Bjugstad 0 0 0 0 0 1 0 1 0 0 1/3 12:18 0:00 0:19
Nicolas Roy 0 1 1 1 0 1 0 1 1 0 1/7 14:50 0:39 0:24
Nino Niederreiter 1 0 1 1 0 2 4 0 0 0 0/0 14:41 0:54 0:00
Ryan Pulock 0 0 0 -1 0 0 1 1 1 2 0/0 18:51 1:05 0:29
Sam Bennett 0 1 1 -1 0 2 1 2 2 0 9/20 17:40 1:05 0:00
Scott Laughton 0 0 0 -3 0 4 1 0 0 1 14/23 17:07 0:15 0:24
Trevor Zegras 0 0 0 -3 7 3 1 0 0 0 1/2 15:01 0:17 0:00
Troy Terry 0 0 0 -1 0 2 0 1 0 0 0/1 17:40 1:05 0:00
Warren Foegele 0 0 0 0 0 1 2 0 0 0 0/0 10:28 0:00 0:00
3 Stars
1 - Jesper Fast (PHI)
2 - Oliver Ekman-Larsson (PHI)
3 - Radek Faksa (PHI)
Power Play
Philadelphia Flyers - 1 on 1 Attempt(s) - 100.00%
Toronto Maple Leafs - 0 on 1 Attempt(s) - 0.00%
Penalty Kill
Philadelphia Flyers - 1 on 1 Attempt(s) - 100.00%
- Score 0 goal in Penalty Kill
Toronto Maple Leafs - 0 on 1 Attempt(s) - 0.00%
- Score 0 goal in Penalty Kill
Team Stat
Philadelphia Flyers - Hits : 21 - Faceoff Wins : 31 - Blocked Shots : 17 - Penalty Minutes : 7
Toronto Maple Leafs - Hits : 22 - Faceoff Wins : 28 - Blocked Shots : 16 - Penalty Minutes : 7
Official
Referees : Francis Charron and Rob Martell
Linesman : Don Henderson and Derek Nansen
Game Notes
Trevor Zegras and Bryan Rust fight to a draw at 3:36 of 3rd period
Finance
Level 1 -- Attendance: 5650 (94.17%) -- Ticket Income $531,100
Level 2 -- Attendance: 4676 (93.52%) -- Ticket Income $252,504
Level 3 -- Attendance: 2598 (86.60%) -- Ticket Income $85,734
Level 4 -- Attendance: 4455 (89.10%) -- Ticket Income $93,555
Luxury Box -- Attendance: 989 (98.90%) -- Ticket Income $190,877
Game was played at the Air Canada Centre.
Total Attendance: 18368 (91.84%)
Total Ticket Income: $1,153,770
Other Income: $403,820
Total Income: $1,557,590
Philadelphia Flyers
5 vs 5 Forward
Center Left Wing Right Wing Time % Phy DF OF
1 Elias Lindholm Matt Duchene Bryan Rust 25 0 2 3
2 Auston Matthews Marcus Johansson Vladimir Tarasenko 25 0 2 3
3 Radek Faksa Mackenzie MacEachern Jesper Fast 25 0 2 3
4 Matthew Peca Tyler Johnson Sonny Milano 25 0 2 3
5 vs 5 Defense
Defense Defense Time % Phy DF OF
1 Justin Faulk Ben Chiarot 35 1 2 2
2 Oliver Ekman-Larsson Artem Zub 35 1 2 2
3 Erik Gustafsson Matt Roy 30 1 2 2
4 Justin Faulk Ben Chiarot 0 1 2 2
PowerPlay Forward
Center Left Wing Right Wing Time % Phy DF OF
1 Elias Lindholm Auston Matthews Matt Duchene 50 0 1 4
2 Tyler Johnson Marcus Johansson Vladimir Tarasenko 50 0 1 4
PowerPlay Defense
Defense Defense Time % Phy DF OF
1 Justin Faulk Oliver Ekman-Larsson 50 0 2 3
2 Erik Gustafsson Matt Roy 50 0 2 3
Penalty Kill 4 Players Forward
Center Wing Time % Phy DF OF
1 Elias Lindholm Bryan Rust 50 0 4 1
2 Radek Faksa Jesper Fast 50 0 4 1
Penalty Kill 4 Players Defense
Defense Defense Time % Phy DF OF
1 Ben Chiarot Matt Roy 50 0 5 0
2 Artem Zub Justin Faulk 50 0 5 0
Penalty Kill - 3 Players Forward
Forward Time % Phy DF OF
1 Elias Lindholm 50 0 5 0
2 Radek Faksa 50 0 5 0
Penalty Kill - 3 Players Defense
Defense Defense Time % Phy DF OF
1 Ben Chiarot Matt Roy 50 0 5 0
2 Artem Zub Justin Faulk 50 0 5 0
4 vs 4 Forward
Center Wing Time % Phy DF OF
1 Elias Lindholm Matt Duchene 50 0 2 3
2 Auston Matthews Vladimir Tarasenko 50 0 2 3
4 vs 4 Defense
Defense Defense Time % Phy DF OF
1 Justin Faulk Ben Chiarot 50 1 2 2
2 Oliver Ekman-Larsson Artem Zub 50 1 2 2
Last Minutes Offensive
Center Left Wing Right Wing Defense Defense
Auston Matthews Elias Lindholm Matt Duchene Justin Faulk Oliver Ekman-Larsson
Last Minutes Defensive
Center Left Wing Right Wing Defense Defense
Elias Lindholm Radek Faksa Jesper Fast Ben Chiarot Matt Roy
Goaltenders
Starting : Jake Allen
Backup : Connor Ingram
Extra Forwards
Normal : Auston Matthews, Elias Lindholm, Matt Duchene - PP : Auston Matthews, Elias Lindholm - PK : Elias Lindholm
Extra Defensemen
Normal : Justin Faulk, Oliver Ekman-Larsson, Erik Gustafsson - PP : Justin Faulk - PK : Ben Chiarot, Matt Roy
Penalty Shots
Auston Matthews, Matt Duchene, Mackenzie MacEachern, Elias Lindholm, Vladimir Tarasenko
Toronto Maple Leafs
5 vs 5 Forward
Center Left Wing Right Wing Time % Phy DF OF
1 Sam Bennett Brady Tkachuk Troy Terry 30 1 2 2
2 Scott Laughton Andrew Mangiapane Trevor Zegras 30 1 2 2
3 Nicolas Roy Brandon Saad Nino Niederreiter 25 1 2 2
4 Nick Bjugstad Warren Foegele Kyle Okposo 15 1 2 2
5 vs 5 Defense
Defense Defense Time % Phy DF OF
1 Aaron Ekblad Cody Ceci 30 1 2 2
2 Dougie Hamilton Ryan Pulock 30 1 2 2
3 Jonas Siegenthaler Luke Schenn 25 1 2 2
4 Aaron Ekblad Dougie Hamilton 15 1 2 2
PowerPlay Forward
Center Left Wing Right Wing Time % Phy DF OF
1 Sam Bennett Brady Tkachuk Troy Terry 50 1 2 2
2 Scott Laughton Trevor Zegras Nino Niederreiter 50 1 2 2
PowerPlay Defense
Defense Defense Time % Phy DF OF
1 Aaron Ekblad Dougie Hamilton 50 1 2 2
2 Ryan Pulock Luke Schenn 50 1 2 2
Penalty Kill 4 Players Forward
Center Wing Time % Phy DF OF
1 Scott Laughton Nicolas Roy 50 1 2 2
2 Nick Bjugstad Brandon Saad 50 1 2 2
Penalty Kill 4 Players Defense
Defense Defense Time % Phy DF OF
1 Aaron Ekblad Cody Ceci 50 1 2 2
2 Ryan Pulock Luke Schenn 50 1 2 2
Penalty Kill - 3 Players Forward
Forward Time % Phy DF OF
1 Sam Bennett 50 1 2 2
2 Scott Laughton 50 1 2 2
Penalty Kill - 3 Players Defense
Defense Defense Time % Phy DF OF
1 Aaron Ekblad Cody Ceci 50 1 2 2
2 Ryan Pulock Luke Schenn 50 1 2 2
4 vs 4 Forward
Center Wing Time % Phy DF OF
1 Sam Bennett Brady Tkachuk 50 1 2 2
2 Scott Laughton Troy Terry 50 1 2 2
4 vs 4 Defense
Defense Defense Time % Phy DF OF
1 Aaron Ekblad Cody Ceci 50 1 2 2
2 Dougie Hamilton Ryan Pulock 50 1 2 2
Last Minutes Offensive
Center Left Wing Right Wing Defense Defense
Sam Bennett Brady Tkachuk Troy Terry Aaron Ekblad Dougie Hamilton
Last Minutes Defensive
Center Left Wing Right Wing Defense Defense
Scott Laughton Brandon Saad Nicolas Roy Aaron Ekblad Cody Ceci
Goaltenders
Starting : Frederik Andersen
Backup : Cam Talbot
Extra Forwards
Normal : Nick Bjugstad, Nicolas Roy, Brandon Saad - PP : Andrew Mangiapane, Nicolas Roy - PK : Brandon Saad
Extra Defensemen
Normal : Jonas Siegenthaler, Luke Schenn, Ryan Pulock - PP : Ryan Pulock - PK : Ryan Pulock, Dougie Hamilton
Penalty Shots
Sam Bennett, Scott Laughton, Trevor Zegras, Troy Terry, Andrew Mangiapane
% Time on Ice - Philadelphia Flyers
Lines # - Real PCT - Wanted PCT - Time Play
Normal Forward
1 - 25% - 25% - 14:12
2 - 25% - 25% - 14:27
3 - 25% - 25% - 14:27
4 - 25% - 25% - 14:12
Normal Defense
1 - 34% - 35% - 19:46
2 - 34% - 35% - 19:33
3 - 31% - 30% - 17:37
4 - 1% - 0% - 0:22
PP Forward
1 - 49% - 50% - 0:21
2 - 51% - 50% - 0:22
PP Defense
1 - 100% - 50% - 0:43
2 - 0% - 50% - 0:00
PK Forward
1 - 56% - 50% - 1:07
2 - 44% - 50% - 0:52
PK Defense
1 - 31% - 50% - 0:37
2 - 69% - 50% - 1:22
PK3 Forward
1 - 0% - 50%
2 - 0% - 50%
PK3 Defense
1 - 0% - 50%
2 - 0% - 50%
44 Forward
1 - 0% - 50%
2 - 0% - 50%
44 Defense
1 - 0% - 50%
2 - 0% - 50%
Last Minute Offensive - 0:00
Last Minute Defensive - 0:00
Total
Forward - 60:00
Defense - 60:00
|
% Time on Ice - Toronto Maple Leafs
Lines # - Real PCT - Wanted PCT - Time Play
Normal Forward
1 - 29% - 30% - 16:35
2 - 29% - 30% - 16:28
3 - 24% - 25% - 13:47
4 - 18% - 15% - 10:28
Normal Defense
1 - 31% - 30% - 18:02
2 - 30% - 30% - 17:17
3 - 25% - 25% - 14:30
4 - 13% - 15% - 7:29
PP Forward
1 - 55% - 50% - 1:05
2 - 45% - 50% - 0:54
PP Defense
1 - 45% - 50% - 0:54
2 - 55% - 50% - 1:05
PK Forward
1 - 56% - 50% - 0:24
2 - 44% - 50% - 0:19
PK Defense
1 - 33% - 50% - 0:14
2 - 67% - 50% - 0:29
PK3 Forward
1 - 0% - 50%
2 - 0% - 50%
PK3 Defense
1 - 0% - 50%
2 - 0% - 50%
44 Forward
1 - 0% - 50%
2 - 0% - 50%
44 Defense
1 - 0% - 50%
2 - 0% - 50%
Last Minute Offensive - 0:00
Last Minute Defensive - 0:00
Total
Forward - 60:00
Defense - 60:00
|
Play-by-Play
1st period
0:01 of 1st period - Sam Bennett wins face-off versus Bryan Rust in neutral zone.
0:04 of 1st period - Slapshot by Troy Terry.
0:04 of 1st period - Stopped by Jake Allen with a rebound.
0:06 of 1st period - Wrist shot by Cody Ceci.
0:06 of 1st period - Stopped by Jake Allen with a rebound.
0:08 of 1st period - Wrist shot by Cody Ceci.
0:08 of 1st period - Stopped by Jake Allen with a rebound.
0:10 of 1st period - Slapshot by Cody Ceci.
0:10 of 1st period - Shot Misses the Net.
0:35 of 1st period - Slapshot by Vladimir Tarasenko.
0:35 of 1st period - Stopped by Frederik Andersen with a rebound.
0:55 of 1st period - Snap shot by Brandon Saad.
0:55 of 1st period - Stopped by Jake Allen without a rebound.
0:56 of 1st period - Nick Bjugstad wins face-off versus Matthew Peca in Philadelphia Flyers zone.
1:27 of 1st period - Snap shot by Brandon Saad.
1:27 of 1st period - Shot Misses the Net.
1:29 of 1st period - Snap shot by Brandon Saad.
1:29 of 1st period - Shot Misses the Net.
1:50 of 1st period - Off-side.
1:51 of 1st period - Matthew Peca wins face-off versus Sam Bennett in neutral zone.
1:56 of 1st period - Slapshot by Tyler Johnson.
1:56 of 1st period - Shot Misses the Net.
3:40 of 1st period - Slapshot by Sonny Milano.
3:40 of 1st period - Shot Misses the Net.
3:44 of 1st period - Snap shot by Matthew Peca.
3:44 of 1st period - Stopped by Frederik Andersen with a rebound.
3:46 of 1st period - Wrist shot by Artem Zub.
3:46 of 1st period - Stopped by Frederik Andersen with a rebound.
3:48 of 1st period - Slapshot by Artem Zub.
3:48 of 1st period - Deflect By Nino Niederreiter.
3:48 of 1st period - Stopped by Frederik Andersen with a rebound.
3:50 of 1st period - Wrist shot by Matthew Peca.
3:50 of 1st period - Stopped by Frederik Andersen without a rebound.
3:51 of 1st period - Scott Laughton wins face-off versus Elias Lindholm in Toronto Maple Leafs zone.
4:18 of 1st period - Erik Gustafsson is hit by Cody Ceci.
4:44 of 1st period - Icing by Ben Chiarot.
4:45 of 1st period - Radek Faksa wins face-off versus Sam Bennett in Philadelphia Flyers zone.
5:17 of 1st period - Wrist shot by Jesper Fast.
5:17 of 1st period - Goal by Jesper Fast - Philadelphia Flyers : 1 - Toronto Maple Leafs : 0.
5:18 of 1st period - Scott Laughton wins face-off versus Elias Lindholm in neutral zone.
5:29 of 1st period - Slapshot by Matt Duchene.
5:29 of 1st period - Shot Blocked by Aaron Ekblad.
5:31 of 1st period - Backhand shot by Elias Lindholm.
5:31 of 1st period - Deflect By Bryan Rust.
5:31 of 1st period - Shot Hit the Post.
5:31 of 1st period - Puck is out of play.
5:32 of 1st period - Scott Laughton wins face-off versus Auston Matthews in Toronto Maple Leafs zone.
5:39 of 1st period - Wrist shot by Trevor Zegras.
5:39 of 1st period - Shot Misses the Net.
5:49 of 1st period - Slapshot by Andrew Mangiapane.
5:49 of 1st period - Stopped by Jake Allen with a rebound.
6:28 of 1st period - Backhand shot by Jesper Fast.
6:28 of 1st period - Shot Misses the Net.
6:46 of 1st period - Backhand shot by Nicolas Roy.
6:46 of 1st period - Shot Misses the Net.
6:48 of 1st period - Backhand shot by Dougie Hamilton.
6:48 of 1st period - Stopped by Jake Allen with a rebound.
7:14 of 1st period - Wrist shot by Vladimir Tarasenko.
7:14 of 1st period - Stopped by Frederik Andersen with a rebound.
8:45 of 1st period - Ben Chiarot is hit by Andrew Mangiapane and loses puck.
9:22 of 1st period - Snap shot by Nino Niederreiter.
9:22 of 1st period - Stopped by Jake Allen without a rebound.
9:23 of 1st period - Radek Faksa wins face-off versus Nicolas Roy in Philadelphia Flyers zone.
9:38 of 1st period - Luke Schenn is hit by Mackenzie MacEachern and loses puck.
9:55 of 1st period - Wrist shot by Vladimir Tarasenko.
9:55 of 1st period - Stopped by Frederik Andersen with a rebound.
10:21 of 1st period - Jonas Siegenthaler is hit by Elias Lindholm and loses puck.
10:33 of 1st period - Matt Roy is hit by Nino Niederreiter and loses puck.
10:37 of 1st period - Icing by Matt Roy.
10:38 of 1st period - Scott Laughton wins face-off versus Elias Lindholm in Philadelphia Flyers zone.
10:41 of 1st period - Wrist shot by Andrew Mangiapane.
10:41 of 1st period - Stopped by Jake Allen with a rebound.
10:53 of 1st period - Wrist shot by Trevor Zegras.
10:53 of 1st period - Shot Blocked by Ben Chiarot.
11:07 of 1st period - Wrist shot by Vladimir Tarasenko.
11:07 of 1st period - Deflect By Brady Tkachuk.
11:07 of 1st period - Stopped by Frederik Andersen with a rebound.
11:09 of 1st period - Wrist shot by Auston Matthews.
11:09 of 1st period - Stopped by Frederik Andersen without a rebound.
11:10 of 1st period - Sam Bennett wins face-off versus Auston Matthews in Toronto Maple Leafs zone.
11:37 of 1st period - Slapshot by Auston Matthews.
11:37 of 1st period - Shot Blocked by Aaron Ekblad.
11:39 of 1st period - Slapshot by Ben Chiarot.
11:39 of 1st period - Stopped by Frederik Andersen with a rebound.
11:41 of 1st period - Wrist shot by Auston Matthews.
11:41 of 1st period - Shot Misses the Net.
11:49 of 1st period - Wrist shot by Marcus Johansson.
11:49 of 1st period - Shot Blocked by Sam Bennett.
11:51 of 1st period - Slapshot by Justin Faulk.
11:51 of 1st period - Shot Blocked by Dougie Hamilton.
11:53 of 1st period - Slapshot by Justin Faulk.
11:53 of 1st period - Shot Misses the Net.
11:55 of 1st period - Wrist shot by Marcus Johansson.
11:55 of 1st period - Shot Misses the Net.
11:57 of 1st period - Wrist shot by Marcus Johansson.
11:57 of 1st period - Stopped by Frederik Andersen with a rebound.
12:09 of 1st period - Slapshot by Vladimir Tarasenko.
12:09 of 1st period - Stopped by Frederik Andersen without a rebound.
12:10 of 1st period - Radek Faksa wins face-off versus Scott Laughton in Toronto Maple Leafs zone.
12:17 of 1st period - Wrist shot by Jesper Fast.
12:17 of 1st period - Shot Misses the Net.
12:19 of 1st period - Snap shot by Jesper Fast.
12:19 of 1st period - Stopped by Frederik Andersen with a rebound.
12:23 of 1st period - Snap shot by Jesper Fast.
12:23 of 1st period - Shot Misses the Net.
12:25 of 1st period - Backhand shot by Jesper Fast.
12:25 of 1st period - Goal by Jesper Fast - Philadelphia Flyers : 2 - Toronto Maple Leafs : 0.
12:26 of 1st period - Scott Laughton wins face-off versus Jesper Fast in neutral zone.
12:34 of 1st period - Icing by Oliver Ekman-Larsson.
12:35 of 1st period - Scott Laughton wins face-off versus Radek Faksa in Philadelphia Flyers zone.
12:40 of 1st period - Wrist shot by Andrew Mangiapane.
12:40 of 1st period - Stopped by Jake Allen without a rebound.
12:41 of 1st period - Elias Lindholm wins face-off versus Scott Laughton in Philadelphia Flyers zone.
13:36 of 1st period - Off-side.
13:37 of 1st period - Scott Laughton wins face-off versus Mackenzie MacEachern in neutral zone.
14:10 of 1st period - Snap shot by Sam Bennett.
14:10 of 1st period - Stopped by Jake Allen with a rebound.
14:12 of 1st period - Backhand shot by Aaron Ekblad.
14:12 of 1st period - Deflect By Brady Tkachuk.
14:12 of 1st period - Goal by Brady Tkachuk - Philadelphia Flyers : 2 - Toronto Maple Leafs : 1.
14:13 of 1st period - Scott Laughton wins face-off versus Matthew Peca in neutral zone.
14:18 of 1st period - Snap shot by Andrew Mangiapane.
14:18 of 1st period - Stopped by Jake Allen without a rebound.
14:19 of 1st period - Scott Laughton wins face-off versus Matthew Peca in Philadelphia Flyers zone.
14:20 of 1st period - Wrist shot by Andrew Mangiapane.
14:20 of 1st period - Shot Blocked by Ben Chiarot.
14:22 of 1st period - Snap shot by Trevor Zegras.
14:22 of 1st period - Deflect By Andrew Mangiapane.
14:22 of 1st period - Shot Blocked by Justin Faulk.
14:22 of 1st period - Puck is out of play.
14:23 of 1st period - Trevor Zegras wins face-off versus Matthew Peca in Philadelphia Flyers zone.
14:48 of 1st period - Snap shot by Scott Laughton.
14:48 of 1st period - Shot Misses the Net.
15:04 of 1st period - Wrist shot by Trevor Zegras.
15:04 of 1st period - Shot Blocked by Justin Faulk.
15:44 of 1st period - Snap shot by Sonny Milano.
15:44 of 1st period - Shot Misses the Net.
16:02 of 1st period - Wrist shot by Scott Laughton.
16:02 of 1st period - Stopped by Jake Allen without a rebound.
16:03 of 1st period - Sam Bennett wins face-off versus Elias Lindholm in Philadelphia Flyers zone.
16:07 of 1st period - Minor Penalty to Erik Gustafsson for Holding.
16:08 of 1st period - Sam Bennett wins face-off versus Elias Lindholm in Philadelphia Flyers zone.
17:01 of 1st period - Elias Lindholm is hit by Nino Niederreiter and loses puck.
18:00 of 1st period - Icing by Nino Niederreiter.
18:01 of 1st period - Auston Matthews wins face-off versus Sam Bennett in Toronto Maple Leafs zone.
18:07 of 1st period - Penalty to Erik Gustafsson is over, Erik Gustafsson is back on ice.
18:20 of 1st period - Warren Foegele is hit by Oliver Ekman-Larsson and loses puck.
18:33 of 1st period - Slapshot by Sonny Milano.
18:33 of 1st period - Stopped by Frederik Andersen with a rebound.
Goals for this period are 2 for Philadelphia Flyers vs 1 for Toronto Maple Leafs.
Shots for this period are 16 for Philadelphia Flyers vs 13 for Toronto Maple Leafs.
2nd period
0:01 of 2nd period - Radek Faksa wins face-off versus Sam Bennett in neutral zone.
0:04 of 2nd period - Wrist shot by Jesper Fast.
0:04 of 2nd period - Shot Blocked by Jonas Siegenthaler.
0:10 of 2nd period - Slapshot by Sam Bennett.
0:10 of 2nd period - Shot Blocked by Jesper Fast.
0:12 of 2nd period - Slapshot by Brady Tkachuk.
0:12 of 2nd period - Shot Blocked by Matt Roy.
0:56 of 2nd period - Wrist shot by Auston Matthews.
0:56 of 2nd period - Shot Misses the Net.
0:59 of 2nd period - Icing by Jonas Siegenthaler.
1:00 of 2nd period - Radek Faksa wins face-off versus Nick Bjugstad in Toronto Maple Leafs zone.
1:24 of 2nd period - Snap shot by Kyle Okposo.
1:24 of 2nd period - Stopped by Jake Allen without a rebound.
1:25 of 2nd period - Sam Bennett wins face-off versus Auston Matthews in Philadelphia Flyers zone.
2:03 of 2nd period - Wrist shot by Troy Terry.
2:03 of 2nd period - Stopped by Jake Allen without a rebound.
2:04 of 2nd period - Radek Faksa wins face-off versus Scott Laughton in Philadelphia Flyers zone.
2:15 of 2nd period - Radek Faksa is hit by Ryan Pulock and loses puck.
2:30 of 2nd period - Artem Zub is hit by Nino Niederreiter and loses puck.
2:37 of 2nd period - Slapshot by Matt Roy.
2:37 of 2nd period - Stopped by Frederik Andersen with a rebound.
3:09 of 2nd period - Justin Faulk is hit by Cody Ceci and loses puck.
3:18 of 2nd period - Sam Bennett is hit by Justin Faulk and loses puck.
3:34 of 2nd period - Off-side.
3:35 of 2nd period - Sam Bennett wins face-off versus Matt Duchene in neutral zone.
3:47 of 2nd period - Brady Tkachuk is hit by Oliver Ekman-Larsson and loses puck.
4:14 of 2nd period - Icing by Dougie Hamilton.
4:15 of 2nd period - Elias Lindholm wins face-off versus Nicolas Roy in Toronto Maple Leafs zone.
4:20 of 2nd period - Wrist shot by Matt Duchene.
4:20 of 2nd period - Shot Blocked by Nicolas Roy.
4:22 of 2nd period - Snap shot by Bryan Rust.
4:22 of 2nd period - Shot Misses the Net.
4:24 of 2nd period - Slapshot by Elias Lindholm.
4:24 of 2nd period - Shot Blocked by Dougie Hamilton.
4:26 of 2nd period - Snap shot by Elias Lindholm.
4:26 of 2nd period - Shot Misses the Net.
4:42 of 2nd period - Troy Terry is hit by Mackenzie MacEachern and loses puck.
4:47 of 2nd period - Snap shot by Mackenzie MacEachern.
4:47 of 2nd period - Shot Misses the Net.
4:49 of 2nd period - Snap shot by Mackenzie MacEachern.
4:49 of 2nd period - Stopped by Frederik Andersen without a rebound.
4:50 of 2nd period - Scott Laughton wins face-off versus Auston Matthews in Toronto Maple Leafs zone.
4:57 of 2nd period - Slapshot by Andrew Mangiapane.
4:57 of 2nd period - Stopped by Jake Allen with a rebound.
4:59 of 2nd period - Slapshot by Trevor Zegras.
4:59 of 2nd period - Stopped by Jake Allen with a rebound.
5:01 of 2nd period - Wrist shot by Trevor Zegras.
5:01 of 2nd period - Deflect By Andrew Mangiapane.
5:01 of 2nd period - Shot Blocked by Vladimir Tarasenko.
5:01 of 2nd period - Puck is out of play.
5:02 of 2nd period - Elias Lindholm wins face-off versus Troy Terry in Philadelphia Flyers zone.
6:52 of 2nd period - Wrist shot by Mackenzie MacEachern.
6:52 of 2nd period - Shot Misses the Net.
6:54 of 2nd period - Wrist shot by Mackenzie MacEachern.
6:54 of 2nd period - Shot Misses the Net.
7:18 of 2nd period - Wrist shot by Vladimir Tarasenko.
7:18 of 2nd period - Stopped by Frederik Andersen without a rebound.
7:19 of 2nd period - Auston Matthews wins face-off versus Sam Bennett in Toronto Maple Leafs zone.
7:34 of 2nd period - Wrist shot by Vladimir Tarasenko.
7:34 of 2nd period - Shot Blocked by Ryan Pulock.
7:36 of 2nd period - Wrist shot by Marcus Johansson.
7:36 of 2nd period - Shot Blocked by Troy Terry.
8:22 of 2nd period - Wrist shot by Mackenzie MacEachern.
8:22 of 2nd period - Shot Misses the Net.
8:38 of 2nd period - Slapshot by Aaron Ekblad.
8:38 of 2nd period - Shot Misses the Net.
8:40 of 2nd period - Snap shot by Warren Foegele.
8:40 of 2nd period - Shot Blocked by Justin Faulk.
8:42 of 2nd period - Snap shot by Nick Bjugstad.
8:42 of 2nd period - Shot Misses the Net.
8:44 of 2nd period - Slapshot by Warren Foegele.
8:44 of 2nd period - Stopped by Jake Allen without a rebound.
8:45 of 2nd period - Elias Lindholm wins face-off versus Sam Bennett in Philadelphia Flyers zone.
9:46 of 2nd period - Off-side.
9:47 of 2nd period - Sam Bennett wins face-off versus Auston Matthews in neutral zone.
10:14 of 2nd period - Troy Terry is hit by Matt Roy and loses puck.
10:25 of 2nd period - Troy Terry is hit by Bryan Rust and loses puck.
11:01 of 2nd period - Ben Chiarot is hit by Luke Schenn and loses puck.
11:38 of 2nd period - Snap shot by Bryan Rust.
11:38 of 2nd period - Shot Misses the Net.
11:40 of 2nd period - Wrist shot by Bryan Rust.
11:40 of 2nd period - Stopped by Frederik Andersen with a rebound.
11:42 of 2nd period - Snap shot by Oliver Ekman-Larsson.
11:42 of 2nd period - Stopped by Frederik Andersen with a rebound.
11:44 of 2nd period - Slapshot by Artem Zub.
11:44 of 2nd period - Shot Misses the Net.
11:46 of 2nd period - Slapshot by Artem Zub.
11:46 of 2nd period - Shot Blocked by Aaron Ekblad.
11:48 of 2nd period - Slapshot by Artem Zub.
11:48 of 2nd period - Deflect By Matt Duchene.
11:48 of 2nd period - Stopped by Frederik Andersen with a rebound.
12:06 of 2nd period - Backhand shot by Andrew Mangiapane.
12:06 of 2nd period - Shot Blocked by Radek Faksa.
12:18 of 2nd period - Brandon Saad is hit by Tyler Johnson and loses puck.
12:36 of 2nd period - Dougie Hamilton is hit by Auston Matthews and loses puck.
12:45 of 2nd period - Snap shot by Auston Matthews.
12:45 of 2nd period - Goal by Auston Matthews - Philadelphia Flyers : 3 - Toronto Maple Leafs : 1.
12:46 of 2nd period - Elias Lindholm wins face-off versus Trevor Zegras in neutral zone.
12:53 of 2nd period - Snap shot by Elias Lindholm.
12:53 of 2nd period - Shot Misses the Net.
13:17 of 2nd period - Nino Niederreiter is hit by Artem Zub and loses puck.
13:24 of 2nd period - Snap shot by Vladimir Tarasenko.
13:24 of 2nd period - Stopped by Frederik Andersen with a rebound.
13:46 of 2nd period - Wrist shot by Tyler Johnson.
13:46 of 2nd period - Shot Misses the Net.
13:48 of 2nd period - Slapshot by Erik Gustafsson.
13:48 of 2nd period - Stopped by Frederik Andersen with a rebound.
14:09 of 2nd period - Off-side.
14:10 of 2nd period - Auston Matthews wins face-off versus Andrew Mangiapane in neutral zone.
14:13 of 2nd period - Snap shot by Auston Matthews.
14:13 of 2nd period - Shot Misses the Net.
14:27 of 2nd period - Snap shot by Marcus Johansson.
14:27 of 2nd period - Deflect By Auston Matthews.
14:27 of 2nd period - Stopped by Frederik Andersen with a rebound.
14:29 of 2nd period - Minor Penalty to Trevor Zegras for Holding.
14:30 of 2nd period - Scott Laughton wins face-off versus Elias Lindholm in Toronto Maple Leafs zone.
14:58 of 2nd period - Icing by Marcus Johansson.
14:59 of 2nd period - Tyler Johnson wins face-off versus Scott Laughton in Philadelphia Flyers zone.
15:12 of 2nd period - Snap shot by Oliver Ekman-Larsson.
15:12 of 2nd period - Goal by Oliver Ekman-Larsson - Philadelphia Flyers : 4 - Toronto Maple Leafs : 1.
15:13 of 2nd period - Radek Faksa wins face-off versus Sam Bennett in neutral zone.
15:46 of 2nd period - Off-side.
15:47 of 2nd period - Scott Laughton wins face-off versus Matt Duchene in neutral zone.
16:04 of 2nd period - Wrist shot by Bryan Rust.
16:04 of 2nd period - Goal by Bryan Rust - Philadelphia Flyers : 5 - Toronto Maple Leafs : 1.
16:05 of 2nd period - Matthew Peca wins face-off versus Sam Bennett in neutral zone.
16:08 of 2nd period - Snap shot by Sonny Milano.
16:08 of 2nd period - Stopped by Frederik Andersen with a rebound.
16:10 of 2nd period - Snap shot by Matthew Peca.
16:10 of 2nd period - Shot Blocked by Sam Bennett.
16:12 of 2nd period - Slapshot by Matthew Peca.
16:12 of 2nd period - Goal by Matthew Peca - Philadelphia Flyers : 6 - Toronto Maple Leafs : 1.
16:13 of 2nd period - Radek Faksa wins face-off versus Nicolas Roy in neutral zone.
16:16 of 2nd period - Wrist shot by Radek Faksa.
16:16 of 2nd period - Stopped by Frederik Andersen without a rebound.
16:17 of 2nd period - Radek Faksa wins face-off versus Nicolas Roy in Toronto Maple Leafs zone.
16:20 of 2nd period - Snap shot by Mackenzie MacEachern.
16:20 of 2nd period - Shot Misses the Net.
16:30 of 2nd period - Snap shot by Brandon Saad.
16:30 of 2nd period - Deflect By Nicolas Roy.
16:30 of 2nd period - Stopped by Jake Allen with a rebound.
16:32 of 2nd period - Slapshot by Dougie Hamilton.
16:32 of 2nd period - Stopped by Jake Allen without a rebound.
16:33 of 2nd period - Auston Matthews wins face-off versus Sam Bennett in Philadelphia Flyers zone.
16:49 of 2nd period - Off-side.
16:50 of 2nd period - Elias Lindholm wins face-off versus Scott Laughton in neutral zone.
17:05 of 2nd period - Slapshot by Trevor Zegras.
17:05 of 2nd period - Stopped by Jake Allen with a rebound.
17:32 of 2nd period - Vladimir Tarasenko is hit by Luke Schenn and loses puck.
17:49 of 2nd period - Snap shot by Erik Gustafsson.
17:49 of 2nd period - Shot Blocked by Jonas Siegenthaler.
18:30 of 2nd period - Wrist shot by Andrew Mangiapane.
18:30 of 2nd period - Shot Misses the Net.
18:32 of 2nd period - Snap shot by Scott Laughton.
18:32 of 2nd period - Stopped by Jake Allen with a rebound.
18:34 of 2nd period - Snap shot by Scott Laughton.
18:34 of 2nd period - Shot Blocked by Justin Faulk.
18:36 of 2nd period - Slapshot by Trevor Zegras.
18:36 of 2nd period - Shot Blocked by Sonny Milano.
18:40 of 2nd period - Snap shot by Scott Laughton.
18:40 of 2nd period - Shot Blocked by Justin Faulk.
19:22 of 2nd period - Snap shot by Nino Niederreiter.
19:22 of 2nd period - Shot Misses the Net.
19:24 of 2nd period - Slapshot by Ryan Pulock.
19:24 of 2nd period - Shot Misses the Net.
19:38 of 2nd period - Wrist shot by Elias Lindholm.
19:38 of 2nd period - Shot Misses the Net.
19:40 of 2nd period - Slapshot by Oliver Ekman-Larsson.
19:40 of 2nd period - Shot Blocked by Nick Bjugstad.
19:42 of 2nd period - Snap shot by Bryan Rust.
19:42 of 2nd period - Shot Misses the Net.
19:44 of 2nd period - Wrist shot by Oliver Ekman-Larsson.
19:44 of 2nd period - Stopped by Frederik Andersen with a rebound.
19:46 of 2nd period - Slapshot by Oliver Ekman-Larsson.
19:46 of 2nd period - Stopped by Frederik Andersen without a rebound.
19:47 of 2nd period - Matthew Peca wins face-off versus Scott Laughton in Toronto Maple Leafs zone.
Goals for this period are 4 for Philadelphia Flyers vs 0 for Toronto Maple Leafs.
Shots for this period are 17 for Philadelphia Flyers vs 9 for Toronto Maple Leafs.
3rd period
0:01 of 3rd period - Scott Laughton wins face-off versus Marcus Johansson in neutral zone.
0:04 of 3rd period - Oliver Ekman-Larsson is hit by Dougie Hamilton and loses puck.
0:55 of 3rd period - Snap shot by Troy Terry.
0:55 of 3rd period - Shot Blocked by Mackenzie MacEachern.
1:06 of 3rd period - Icing by Brady Tkachuk.
1:07 of 3rd period - Elias Lindholm wins face-off versus Nick Bjugstad in Toronto Maple Leafs zone.
1:08 of 3rd period - Snap shot by Matt Duchene.
1:08 of 3rd period - Shot Blocked by Dougie Hamilton.
1:22 of 3rd period - Kyle Okposo is hit by Matt Roy and loses puck.
1:35 of 3rd period - Snap shot by Sonny Milano.
1:35 of 3rd period - Shot Misses the Net.
2:08 of 3rd period - Slapshot by Justin Faulk.
2:08 of 3rd period - Shot Blocked by Dougie Hamilton.
2:41 of 3rd period - Off-side.
2:42 of 3rd period - Matthew Peca wins face-off versus Nicolas Roy in neutral zone.
2:45 of 3rd period - Slapshot by Oliver Ekman-Larsson.
2:45 of 3rd period - Deflect By Matthew Peca.
2:45 of 3rd period - Stopped by Frederik Andersen with a rebound.
2:47 of 3rd period - Wrist shot by Matthew Peca.
2:47 of 3rd period - Stopped by Frederik Andersen with a rebound.
3:03 of 3rd period - Brandon Saad is hit by Sonny Milano and loses puck.
3:33 of 3rd period - Snap shot by Nino Niederreiter.
3:33 of 3rd period - Goal by Nino Niederreiter - Philadelphia Flyers : 6 - Toronto Maple Leafs : 2.
3:34 of 3rd period - Elias Lindholm wins face-off versus Scott Laughton in neutral zone.
3:36 of 3rd period - Trevor Zegras and Bryan Rust fight to a draw.
3:36 of 3rd period - Penalty to Trevor Zegras for Fighting.
3:36 of 3rd period - Penalty to Bryan Rust for Fighting.
3:37 of 3rd period - Sam Bennett wins face-off versus Elias Lindholm in neutral zone.
3:44 of 3rd period - Wrist shot by Sam Bennett.
3:44 of 3rd period - Shot Blocked by Artem Zub.
3:48 of 3rd period - Snap shot by Sam Bennett.
3:48 of 3rd period - Stopped by Jake Allen without a rebound.
3:49 of 3rd period - Andrew Mangiapane wins face-off versus Auston Matthews in Philadelphia Flyers zone.
3:56 of 3rd period - Snap shot by Scott Laughton.
3:56 of 3rd period - Stopped by Jake Allen without a rebound.
3:57 of 3rd period - Auston Matthews wins face-off versus Scott Laughton in Philadelphia Flyers zone.
4:20 of 3rd period - Andrew Mangiapane is hit by Artem Zub and loses puck.
4:28 of 3rd period - Off-side.
4:29 of 3rd period - Radek Faksa wins face-off versus Sam Bennett in neutral zone.
4:44 of 3rd period - Snap shot by Brady Tkachuk.
4:44 of 3rd period - Stopped by Jake Allen with a rebound.
4:46 of 3rd period - Snap shot by Brady Tkachuk.
4:46 of 3rd period - Deflect By Troy Terry.
4:46 of 3rd period - Shot Misses the Net.
4:46 of 3rd period - Puck is out of play.
4:47 of 3rd period - Scott Laughton wins face-off versus Elias Lindholm in Philadelphia Flyers zone.
5:07 of 3rd period - Matt Duchene is hit by Andrew Mangiapane and loses puck.
6:05 of 3rd period - Icing by Aaron Ekblad.
6:06 of 3rd period - Kyle Okposo wins face-off versus Auston Matthews in Toronto Maple Leafs zone.
6:17 of 3rd period - Vladimir Tarasenko is hit by Warren Foegele and loses puck.
6:34 of 3rd period - Justin Faulk is hit by Sam Bennett and loses puck.
7:06 of 3rd period - Slapshot by Brandon Saad.
7:06 of 3rd period - Shot Misses the Net.
7:08 of 3rd period - Wrist shot by Nicolas Roy.
7:08 of 3rd period - Shot Blocked by Jesper Fast.
7:18 of 3rd period - Snap shot by Radek Faksa.
7:18 of 3rd period - Stopped by Frederik Andersen with a rebound.
8:03 of 3rd period - Vladimir Tarasenko is hit by Cody Ceci and loses puck.
8:22 of 3rd period - Nick Bjugstad is hit by Sonny Milano and loses puck.
8:55 of 3rd period - Scott Laughton is hit by Matt Roy and loses puck.
9:02 of 3rd period - Matt Roy is hit by Trevor Zegras and loses puck.
9:17 of 3rd period - Aaron Ekblad is hit by Elias Lindholm and loses puck.
9:30 of 3rd period - Slapshot by Elias Lindholm.
9:30 of 3rd period - Shot Blocked by Andrew Mangiapane.
9:44 of 3rd period - Snap shot by Andrew Mangiapane.
9:44 of 3rd period - Stopped by Jake Allen with a rebound.
9:46 of 3rd period - Snap shot by Trevor Zegras.
9:46 of 3rd period - Stopped by Jake Allen without a rebound.
9:47 of 3rd period - Sam Bennett wins face-off versus Jesper Fast in Philadelphia Flyers zone.
9:54 of 3rd period - Slapshot by Sam Bennett.
9:54 of 3rd period - Shot Misses the Net.
11:14 of 3rd period - Snap shot by Brady Tkachuk.
11:14 of 3rd period - Shot Misses the Net.
12:01 of 3rd period - Ben Chiarot is hit by Andrew Mangiapane.
12:26 of 3rd period - Artem Zub is hit by Brady Tkachuk and loses puck.
13:01 of 3rd period - Nicolas Roy is hit by Justin Faulk and loses puck.
13:23 of 3rd period - Snap shot by Nick Bjugstad.
13:23 of 3rd period - Shot Blocked by Ben Chiarot.
14:03 of 3rd period - Matt Roy is hit by Andrew Mangiapane and loses puck.
14:37 of 3rd period - Radek Faksa is hit by Warren Foegele and loses puck.
14:44 of 3rd period - Snap shot by Nick Bjugstad.
14:44 of 3rd period - Stopped by Jake Allen with a rebound.
14:46 of 3rd period - Wrist shot by Kyle Okposo.
14:46 of 3rd period - Stopped by Jake Allen with a rebound.
14:56 of 3rd period - Mackenzie MacEachern is hit by Scott Laughton and loses puck.
15:01 of 3rd period - Snap shot by Andrew Mangiapane.
15:01 of 3rd period - Deflect By Scott Laughton.
15:01 of 3rd period - Stopped by Jake Allen with a rebound.
15:11 of 3rd period - Snap shot by Radek Faksa.
15:11 of 3rd period - Stopped by Frederik Andersen without a rebound.
15:12 of 3rd period - Matthew Peca wins face-off versus Sam Bennett in Toronto Maple Leafs zone.
15:29 of 3rd period - Wrist shot by Brady Tkachuk.
15:29 of 3rd period - Deflect By Tyler Johnson.
15:29 of 3rd period - Shot Blocked by Matthew Peca.
15:29 of 3rd period - Puck is out of play.
15:30 of 3rd period - Auston Matthews wins face-off versus Nicolas Roy in Philadelphia Flyers zone.
15:30 of 3rd period - Auston Matthews is hit by Nino Niederreiter.
15:35 of 3rd period - Off-side.
15:36 of 3rd period - Nicolas Roy wins face-off versus Auston Matthews in neutral zone.
16:10 of 3rd period - Off-side.
16:11 of 3rd period - Radek Faksa wins face-off versus Scott Laughton in neutral zone.
17:14 of 3rd period - Slapshot by Tyler Johnson.
17:14 of 3rd period - Stopped by Frederik Andersen with a rebound.
18:03 of 3rd period - Troy Terry is hit by Vladimir Tarasenko and loses puck.
18:10 of 3rd period - Ryan Pulock is hit by Auston Matthews and loses puck.
18:30 of 3rd period - Tyler Johnson is hit by Dougie Hamilton and loses puck.
19:27 of 3rd period - Kyle Okposo is hit by Matt Roy and loses puck.
19:56 of 3rd period - Snap shot by Vladimir Tarasenko.
19:56 of 3rd period - Stopped by Frederik Andersen with a rebound.
19:58 of 3rd period - Snap shot by Auston Matthews.
19:58 of 3rd period - Shot Misses the Net.
Goals for this period are 0 for Philadelphia Flyers vs 1 for Toronto Maple Leafs.
Shots for this period are 6 for Philadelphia Flyers vs 9 for Toronto Maple Leafs.
Back to the Top